 Dungeon Crawl Stone Soup version 0.31-a0-233-g139696dc86 (webtiles) character file.

Game seed: 1173353110329037709

191 innerfire43 the Chopper (level 5, -2/42 HPs)
             Began as a Demonspawn Monk on July 9, 2023.
             Was a Priest of Nemelex Xobeh.
             Killed from afar by Pikel (6 damage)
             ... with a puff of flame
             ... on level 4 of the Dungeon.
             The game lasted 00:03:18 (3210 turns).

innerfire43 the Chopper (Demonspawn Monk)           Turns: 3210, Time: 00:03:19

Health: -2/42      AC:  3    Str: 13    XL:     5   Next: 41%
Magic:  5/5        EV: 13    Int: 11    God:    Nemelex Xobeh [***...]
Gold:   122        SH:  0    Dex: 16    Spells: 4/4 levels left

rFire   . . .        g - +5 Force Lance {heavy, knockback}
rCold   . . .        d - orb {light}
rNeg    . . .        b - +0 robe
rPois   .            (helmet restricted)
rElec   .            (no cloak)
rCorr   .            (no gloves)
SInv    .            l - +0 pair of boots
Will    .....        k - amulet of reflection
Stlth   +            (no ring)
HPRegen 0.27/turn    (no ring)
MPRegen 0.09/turn

%: reflection
@: confused, ambrosia-drunk, glowing
A: antennae 1, demonic guardian 1
a: Renounce Religion, Draw Escape, Draw Destruction, Draw Summoning, Triple Draw


You were on level 4 of the Dungeon.
You worshipped Nemelex Xobeh.
Nemelex Xobeh was most pleased with you.
You visited 1 branch of the dungeon, and saw 4 of its levels.

You collected 122 gold pieces.

Inventory:

Hand Weapons
 a - a +0 hand axe
 g - the +5 Force Lance (weapon) {heavy, knockback}
   (You found it on level 4 of the Dungeon)
 q - a +2 war axe
Armour
 b - a +0 robe (worn)
 d - an orb of light (worn)
 e - a +0 helmet
 l - a +0 pair of boots (worn)
Jewellery
 k - an amulet of reflection (around neck)
Wands
 r - a wand of light (5)
Scrolls
 h - 3 scrolls of teleportation
 p - 3 scrolls of poison
Potions
 f - a potion of cancellation {unknown}
 j - a potion of lignification {unknown}
 t - a potion of heal wounds {unknown}


   Skills:
 + Level 4.0 Fighting
 + Level 4.4 Axes
 * Level 0.2(2.7) Polearms
 + Level 3.5 Dodging


You had 4 spell levels left.
You didn't know any spells.
Your spell library contained the following spells:

 Spells                   Type           Power      Damage    Failure   Level
 Ignite Poison            Fire/Tmut/Pois 0%         N/A       71%         3
 Inner Flame              Hex/Fire       0%         N/A       71%         3
 Flame Wave               Conj/Fire      0%         2d4       98%         4
 Sticky Flame             Conj/Fire      0%         2d3       98%         4
 Summon Forest            Summ/Tloc      0%         N/A       100%        5
 Summon Mana Viper        Hex/Summ       0%         N/A       100%        5
 Summon Cactus Giant      Summ           0%         N/A       100%        6
 Ignition                 Fire           0%         3d3       100%        8


Dungeon Overview and Level Annotations

Branches:
Dungeon (4/15)
 Temple: D:4-7

Altars:
Nemelex Xobeh

Annotations:
D:4 Pikel


Innate Abilities, Weirdness & Mutations

You have a pair of small antennae on your head.
A weak demonic guardian rushes to your aid.


Message History

You reach to attack!
You puncture Pikel!
Pikel is moderately wounded.
Pikel zaps a wand.
The puff of flame hits you.
Pikel says, "I'm sure they'll be treated well, anyway."
You hit Pikel.
Pikel is moderately wounded.
Pikel closely misses you.
You hit Pikel.
Pikel is heavily wounded.
Pikel misses you.
A lemure comes into view.
Pikel hits you with a +2 whip of flaming.
Pikel burns you.
You hit Pikel.
Pikel is heavily wounded.
Pikel barely misses you.
You hit Pikel.
Pikel is heavily wounded.
Pikel zaps a wand.
The puff of flame hits you.
You hit Pikel but do no damage.
Pikel is heavily wounded.
Pikel hits you with a +2 whip of flaming!
Pikel burns you. The lemure hits you.
* * * LOW HITPOINT WARNING * * *
A demonic guardian appears!
Pikel hits you with a +2 whip of flaming!
* * * LOW HITPOINT WARNING * * *
Pikel burns you.
* * * LOW HITPOINT WARNING * * *
The lemure completely misses you.
Unknown command.
Unknown command.
You are confused.
You feel invigorated.
A lemure comes into view.
The lemure hits you.
* * * LOW HITPOINT WARNING * * *
Pikel zaps a wand.
The puff of flame hits you.
You die...
Your body glows slightly brighter and disappears.

######### #.......#
#.#####.# ###.# #.#
#...# #.# ### #...# #.#
##.. #...#####.# ##)##
#.........####.### ###
#@5###............ #S
#.# #K5# ####.####.##<
##S.# ##.#.##..######.#
##.#.
.....K##.###.5..)......#
##..
#†...#).............#
##.
#.###.###..######.#.# ##
#) #.#
#.........#.#####† #.
#.# ##.#### #.........
.. #.# #.# #####.###.


You could see Pikel (ally target), 2 lemures and a friendly white imp
(summoned).

Vanquished Creatures
  An orc priest (D:2)
  A gnoll (D:1)
  6 adders
  A worm (D:3)
  4 dart slugs
  10 orcs
  4 ball pythons
  3 bats
  8 endoplasms
  3 giant cockroaches
  10 hobgoblins
  5 jackals
  2 quokkas
  2 frilled lizards
  5 goblins
  6 kobolds
  4 rats
75 creatures vanquished.

Notes
Turn   | Place    | Note
-------+----------+-------------------------------------------
     0 | D:1      | innerfire43 the Demonspawn Monk began the quest for the
                  | Orb.
     0 | D:1      | Reached XP level 1. HP: 18/18 MP: 1/1
   307 | D:1      | Gained mutation: You have a pair of small antennae on your
                  | head. [demonic ancestry]
   307 | D:1      | Reached XP level 2. HP: 24/24 MP: 2/2
   728 | D:1      | Reached XP level 3. HP: 29/29 MP: 3/3
  1180 | D:2      | Gained mutation: A weak demonic guardian rushes to your
                  | aid. [demonic ancestry]
  1180 | D:2      | Reached XP level 4. HP: 7/35 MP: 4/4
  1374 | D:2      | Found a faded altar of an unknown god.
  1460 | D:2      | Prayed at the altar of an unknown god.
  1460 | D:2      | Became a worshipper of Nemelex Xobeh the Trickster
  1460 | D:2      | Reached * piety under Nemelex Xobeh
  1460 | D:2      | Received a gift from Nemelex Xobeh
  1460 | D:2      | Reached ** piety under Nemelex Xobeh
  1460 | D:2      | Received a gift from Nemelex Xobeh
  1460 | D:2      | Received a gift from Nemelex Xobeh
  2005 | D:3      | Reached *** piety under Nemelex Xobeh
  2273 | D:3      | Reached XP level 5. HP: 38/42 MP: 5/5
  2823 | D:3      | Received a gift from Nemelex Xobeh
  3028 | D:4      | Found the +5 Force Lance {heavy, knockback}
  3089 | D:4      | Noticed Pikel
  3206 | D:4      | Noticed a lemure
  3210 | D:4      | Noticed a lemure
  3210 | D:4      | Killed from afar by Pikel

Illustrated notes

Levels and vault maps discovered:
D:1:      dpeg_chamrin_arrival_tetris, layout_loops_corners, item_on_display_a
D:2:      layout_basic, hellmonk_ecumenical_altar_heavens_door,
          minmay_misc_feat_columns, grunt_decor_clamped,
          hangedman_abyss_or_decor_stabs, kennysheep_generic_room_15
D:3:      layout_loops_ring
D:4:      layout_loops_ring, minmay_temple_entry_slanted, minmay_quantized,
          uniq_crazy_yiuf_cottage, uniq_pikel, uniq_edmund

Skill      XL: |  1  2  3  4  5 |
---------------+----------------+-----
Axes           | 3 4 |  4.4
Dodging        | 3 |  3.5
Fighting       | 4 |  4.0
Polearms       | |  0.2

Action                     |  1- 3 |  4- 6 || total
---------------------------+-------+-------++-------
  Melee: Hand axe          |    82 |    56 ||   138
         War axe           |       |    55 ||    55
         Lance             |       |    14 ||    14
    Use: Scroll            |       |     8 ||     8
         Potion            |       |     1 ||     1
 Armour: Robe              |    13 |    22 ||    35
  Dodge: Dodged            |    52 |    59 ||   111
  Block: Orb               |     7 |    23 ||    30
         Reflection        |       |     1 ||     1

Table legend: (Time is in decaauts)
 A = Elapsed time spent in this place.
 B = Non-inter-level travel time spent in this place.
 C = Inter-level travel time spent in this place.
 D = Time resting spent in this place.
 E = Time spent auto-exploring this place.
 F = Levels seen in this place.
 G = Mean time per level.
                   A        B        C        D        E       F      G
               +--------+--------+--------+--------+--------+-----+--------+
         Total |   3247 |   3108 |    139 |      0 |   2611 |   4 |  811.8 |
       Dungeon |   3247 |   3108 |    139 |      0 |   2611 |   4 |  811.8 |
               +--------+--------+--------+--------+--------+-----+--------+

Top non-repeatable levels by time:
     D:3: 1044 daAuts
     D:2: 987 daAuts
     D:1: 986 daAuts
     D:4: 228 daAuts
